Connexion

WASHINGTON Capitals vs NEW YORK Islanders

Created - 18 février 2024 at 09:24

Goals
1 2 3 T
WASHINGTON Capitals 2 5 0 7
NEW YORK Islanders 4 2 0 6
Shots
1 2 3 T
WASHINGTON Capitals 13 11 4 28
NEW YORK Islanders 10 18 12 40

GoalsPenalties
1st period
1. WASHINGTON Capitals , Aleksander Barkov 23 (Haydn Fleury 23, Shea Theodore 52) at 1:44
2. NEW YORK Islanders , Kyle Palmieri 31 (Kevin Shattenkirk 36, Adam Henrique 28) at 5:00 (PP)
3. WASHINGTON Capitals , Aleksander Barkov 24 (Shea Theodore 53) at 10:27
4. NEW YORK Islanders , Kevin Shattenkirk 7 (Patrik Laine 18, Josh Bailey 23) at 12:36
5. NEW YORK Islanders , Jeff Skinner 32 (Kyle Palmieri 39) at 13:44
6. NEW YORK Islanders , Anthony Duclair 16 (Calle Rosen 16) at 14:21
Joel Hanley (WAS) for Tripping (Minor) at 3:30
2nd period
7. NEW YORK Islanders , Ilya Mikheyev 10 (Vincent Trocheck 18) at 1:58
8. WASHINGTON Capitals , Nikita Kucherov 40 (Aleksander Barkov 47) at 5:46
9. WASHINGTON Capitals , Nick Jensen 6 (Aleksander Barkov 48, Joel Hanley 43) at 7:48
10. WASHINGTON Capitals , Mikey Eyssimont 8 (Alex Killorn 16, Slater Koekkoek 19) at 15:11
11. WASHINGTON Capitals , Shea Theodore 16 (Frederick Gaudreau 43, Andreas Johnsson 22) at 16:22
12. WASHINGTON Capitals , Nikita Kucherov 41 (Brandon Hagel 43, Aleksander Barkov 49) at 16:28
13. NEW YORK Islanders , Kevin Shattenkirk 8 (Jeff Skinner 49) at 18:42 (PP)
Nikolai Knyzhov (NYI) for Boarding (Minor) at 12:56
Haydn Fleury (WAS) for Interference (Minor) at 18:22
Joel Kiviranta (WAS) for Tripping (Minor) at 19:20
3rd period
No Goal
Sean Walker (WAS) for Roughing (Minor) at 9:29
Joel Hanley (WAS) for High sticking (Minor) at 16:57
Nikolai Knyzhov (NYI) for Tripping (Minor) at 19:33
Goalie Stats
Jordan Binnington (WAS), 30 saves from 32 shots - (0,938), W, 35-13-5, 45:39 minutes
Marcus Hogberg (WAS), 4 saves from 8 shots - (0,500), 14:21 minutes
Alex Lyon (NYI), 16 saves from 23 shots - (0,696), L, 0-1-0, 36:28 minutes
Logan Thompson (NYI), 5 saves from 5 shots - (1,000), 23:03 minutes
3 StarsOfficial
1 - Aleksander Barkov (WAS)
2 - Nikita Kucherov (WAS)
3 - Shea Theodore (WAS)
Referees : Eric Furlatt and Mike Leggo
Linesman : Jay Sharrers and Brian Murphy
Game Note
Jordan Binnington enters game at 14:21 of 1st period
Logan Thompson enters game at 16:28 of 2nd period
Finance
Level 1 -- Attendance: 5354 (89,23%) -- Ticket Income $679,958
Level 2 -- Attendance: 3234 (100,00%) -- Ticket Income $355,740
Level 3 -- Attendance: 2000 (100,00%) -- Ticket Income $100,000
Level 4 -- Attendance: 2547 (63,68%) -- Ticket Income $124,803
Luxury Box -- Attendance: 1000 (100,00%) -- Ticket Income $255,000
Game was played at the Nassau Veterans' Memorial Coliseum.
Total Attendance: 14135 (87,07%)
Total Ticket Income: $1,515,501
Other Income: $303,100
Total Income: $1,818,601



Team Name Goals Shots Shots Attemp Shots Blocked PIM HIT PP PK FO%
WASHINGTON Capitals 728521510140 / 2 (0%)262%
NEW YORK Islanders 6408084262 / 5 (40%)038%

WASHINGTON Capitals
Player Name POS G A P +/- PIM HIT SHT SB MP PP MP PP SHT PK MP PK SHT FO% FOT
Aleksander BarkovC2353014020:591:2303:47061% 33
Alex KillornC/LW/RW0110002013:160:0000:1000% 1
Andreas JohnssonLW/RW0111003113:540:0000:0000% 1
Brandon HagelLW0113042022:411:0205:500100% 2
Denis GurianovLW/RW000-100108:011:0210:0000% 0
Dryden HuntC/LW000-100006:590:0000:00078% 9
Frederick GaudreauC/RW0111013018:461:0203:50062% 26
Givani SmithRW000-100006:590:0000:0000% 0
Haydn FleuryD0112240224:101:0204:2600% 0
Jared McCannC/LW0001010017:141:2301:5700% 1
Joel HanleyD0112420419:331:2302:2200% 0
Joel KivirantaLW0000203013:050:0000:000100% 1
Mikey EyssimontC/LW1010001013:060:0000:00055% 11
Nick JensenD1012001220:131:0203:2100% 0
Nikita KucherovRW2023005017:121:2300:000100% 1
Sean WalkerD000-1210116:130:0000:5900% 0
Shea TheodoreD1232002324:321:2304:2600% 0
Slater KoekkoekD011-1001215:150:0000:0000% 0
NEW YORK Islanders
Player Name POS G A P +/- PIM HIT SHT SB MP PP MP PP SHT PK MP PK SHT FO% FOT
Adam HenriqueC/LW011-1022023:034:1600:3200% 1
Adam PelechD0000020120:593:0901:0200% 0
Alexander RadulovRW000-100006:120:0000:0000% 0
Anthony DuclairLW/RW101-1026017:003:3110:00050% 2
Brendan LeipsicC/LW0000003011:520:0000:0000% 0
Brendan LemieuxLW000-100006:500:0000:3800% 0
Calle RosenD0110011020:593:0901:0200% 0
Ilya MikheyevRW1010005012:330:0000:41033% 3
Jeff SkinnerC/LW112-1005023:514:1601:20037% 27
Josh BaileyC/LW/RW011-1003017:003:3100:00033% 24
Kevin ShattenkirkD213-2003324:314:3821:2300% 0
Kyle PalmieriRW112-1045123:524:1641:21050% 6
Marco ScandellaD000-2041124:314:3801:2300% 0
Nicklas BackstromC000-100116:120:0000:00078% 9
Nikolai KnyzhovD000-1412114:280:0000:0000% 0
Patrik LaineLW/RW011-1052017:183:3100:1800% 1
Riley StillmanD000-1030014:300:0000:0000% 0
Vincent TrocheckC0110021011:520:0000:00023% 13



Play-by-Play

1st period


0:01 of 1st period - Aleksander Barkov wins face-off versus Jeff Skinner in neutral zone.
0:18 of 1st period - Shot by Nikita Kucherov.
0:18 of 1st period - Stopped by Alex Lyon without a rebound.
0:19 of 1st period - Frederick Gaudreau wins face-off versus Josh Bailey in NEW YORK Islanders zone.
0:34 of 1st period - Shot by Frederick Gaudreau.
0:34 of 1st period - Deflect By Jared McCann.
0:34 of 1st period - Shot Misses the Net.
0:36 of 1st period - Shot by Andreas Johnsson.
0:36 of 1st period - Shot Misses the Net.
0:38 of 1st period - Shot by Andreas Johnsson.
0:38 of 1st period - Stopped by Alex Lyon without a rebound.
0:39 of 1st period - Mikey Eyssimont wins face-off versus Vincent Trocheck in NEW YORK Islanders zone.
0:43 of 1st period - Joel Kiviranta is hit by Riley Stillman and loses puck.
0:50 of 1st period - Shot by Mikey Eyssimont.
0:50 of 1st period - Shot Hit the Post.
0:52 of 1st period - Shot by Sean Walker.
0:52 of 1st period - Shot Misses the Net.
0:54 of 1st period - Shot by Joel Kiviranta.
0:54 of 1st period - Shot Blocked by Nikolai Knyzhov.
0:58 of 1st period - Shot by Alex Killorn.
0:58 of 1st period - Shot Misses the Net.
1:22 of 1st period - Shot by Joel Kiviranta.
1:22 of 1st period - Stopped by Alex Lyon without a rebound.
1:23 of 1st period - Aleksander Barkov wins face-off versus Jeff Skinner in NEW YORK Islanders zone.
1:36 of 1st period - Shot by Aleksander Barkov.
1:36 of 1st period - Shot Blocked by Marco Scandella.
1:38 of 1st period - Shot by Haydn Fleury.
1:38 of 1st period - Shot Misses the Net.
1:40 of 1st period - Shot by Shea Theodore.
1:40 of 1st period - Stopped by Alex Lyon with a rebound.
1:42 of 1st period - Shot by Haydn Fleury.
1:42 of 1st period - Shot Blocked by Kyle Palmieri.
1:44 of 1st period - Shot by Aleksander Barkov.
1:44 of 1st period - Goal by Aleksander Barkov - WASHINGTON Capitals : 1 - NEW YORK Islanders : 0.
1:45 of 1st period - Frederick Gaudreau wins face-off versus Josh Bailey in neutral zone.
2:01 of 1st period - Shot by Josh Bailey.
2:01 of 1st period - Shot Misses the Net.
2:06 of 1st period - Anthony Duclair is hit by Joel Hanley.
2:18 of 1st period - Shot by Josh Bailey.
2:18 of 1st period - Shot Blocked by Joel Hanley.
2:27 of 1st period - Icing by Joel Hanley.
2:28 of 1st period - Frederick Gaudreau wins face-off versus Jeff Skinner in WASHINGTON Capitals zone.
3:19 of 1st period - Icing by Joel Hanley.
3:20 of 1st period - Nicklas Backstrom wins face-off versus Frederick Gaudreau in WASHINGTON Capitals zone.
3:30 of 1st period - Minor Penalty to Joel Hanley for Tripping.
3:31 of 1st period - Aleksander Barkov wins face-off versus Josh Bailey in WASHINGTON Capitals zone.
3:31 of 1st period - Aleksander Barkov is hit by Patrik Laine.
4:25 of 1st period - Kyle Palmieri is hit by Haydn Fleury and loses puck.
4:56 of 1st period - Shot by Kyle Palmieri.
4:56 of 1st period - Shot Blocked by Shea Theodore.
4:58 of 1st period - Shot by Kevin Shattenkirk.
4:58 of 1st period - Stopped by Marcus Hogberg with a rebound.
5:00 of 1st period - Shot by Kyle Palmieri.
5:00 of 1st period - Goal by Kyle Palmieri - WASHINGTON Capitals : 1 - NEW YORK Islanders : 1.
5:01 of 1st period - Dryden Hunt wins face-off versus Vincent Trocheck in neutral zone.
5:05 of 1st period - Slater Koekkoek is hit by Nikolai Knyzhov and loses puck.
5:11 of 1st period - Givani Smith is hit by Riley Stillman and loses puck.
5:30 of 1st period - Shot by Brendan Leipsic.
5:30 of 1st period - Shot Misses the Net.
6:10 of 1st period - Shot by Joel Kiviranta.
6:10 of 1st period - Shot Misses the Net.
6:12 of 1st period - Shot by Alex Killorn.
6:12 of 1st period - Shot Misses the Net.
6:16 of 1st period - Shot by Alex Killorn.
6:16 of 1st period - Stopped by Alex Lyon without a rebound.
6:17 of 1st period - Frederick Gaudreau wins face-off versus Jeff Skinner in NEW YORK Islanders zone.
6:18 of 1st period - Shot by Andreas Johnsson.
6:18 of 1st period - Stopped by Alex Lyon without a rebound.
6:19 of 1st period - Jeff Skinner wins face-off versus Frederick Gaudreau in NEW YORK Islanders zone.
7:47 of 1st period - Shot by Anthony Duclair.
7:47 of 1st period - Shot Misses the Net.
7:49 of 1st period - Shot by Anthony Duclair.
7:49 of 1st period - Shot Blocked by Shea Theodore.
8:16 of 1st period - Off-side.
8:17 of 1st period - Dryden Hunt wins face-off versus Vincent Trocheck in neutral zone.
8:30 of 1st period - Shot by Brendan Leipsic.
8:30 of 1st period - Shot Misses the Net.
9:47 of 1st period - Shot by Jeff Skinner.
9:47 of 1st period - Shot Blocked by Joel Hanley.
9:49 of 1st period - Shot by Jeff Skinner.
9:49 of 1st period - Stopped by Marcus Hogberg without a rebound.
9:50 of 1st period - Brandon Hagel wins face-off versus Anthony Duclair in WASHINGTON Capitals zone.
9:59 of 1st period - Shot by Aleksander Barkov.
9:59 of 1st period - Stopped by Alex Lyon without a rebound.
10:00 of 1st period - Nicklas Backstrom wins face-off versus Aleksander Barkov in NEW YORK Islanders zone.
10:27 of 1st period - Shot by Aleksander Barkov.
10:27 of 1st period - Goal by Aleksander Barkov - WASHINGTON Capitals : 2 - NEW YORK Islanders : 1.
10:28 of 1st period - Frederick Gaudreau wins face-off versus Josh Bailey in neutral zone.
10:30 of 1st period - Joel Hanley is hit by Marco Scandella and loses puck.
10:35 of 1st period - Shot by Frederick Gaudreau.
10:35 of 1st period - Stopped by Alex Lyon with a rebound.
10:37 of 1st period - Shot by Frederick Gaudreau.
10:37 of 1st period - Shot Blocked by Kevin Shattenkirk.
11:02 of 1st period - Shot by Josh Bailey.
11:02 of 1st period - Stopped by Marcus Hogberg without a rebound.
11:03 of 1st period - Jeff Skinner wins face-off versus Aleksander Barkov in WASHINGTON Capitals zone.
11:53 of 1st period - Icing by Adam Pelech.
11:54 of 1st period - Kyle Palmieri wins face-off versus Mikey Eyssimont in NEW YORK Islanders zone.
12:36 of 1st period - Shot by Kevin Shattenkirk.
12:36 of 1st period - Goal by Kevin Shattenkirk - WASHINGTON Capitals : 2 - NEW YORK Islanders : 2.
12:37 of 1st period - Nicklas Backstrom wins face-off versus Jared McCann in neutral zone.
13:36 of 1st period - Shot by Patrik Laine.
13:36 of 1st period - Deflect By Josh Bailey.
13:36 of 1st period - Shot Misses the Net.
13:38 of 1st period - Shot by Patrik Laine.
13:38 of 1st period - Stopped by Marcus Hogberg without a rebound.
13:39 of 1st period - Aleksander Barkov wins face-off versus Jeff Skinner in WASHINGTON Capitals zone.
13:44 of 1st period - Shot by Jeff Skinner.
13:44 of 1st period - Goal by Jeff Skinner - WASHINGTON Capitals : 2 - NEW YORK Islanders : 3.
13:45 of 1st period - Nikita Kucherov wins face-off versus Jeff Skinner in neutral zone.
13:52 of 1st period - Shot by Nikita Kucherov.
13:52 of 1st period - Stopped by Alex Lyon without a rebound.
13:53 of 1st period - Aleksander Barkov wins face-off versus Adam Henrique in NEW YORK Islanders zone.
14:09 of 1st period - Icing by Shea Theodore.
14:10 of 1st period - Aleksander Barkov wins face-off versus Josh Bailey in WASHINGTON Capitals zone.
14:12 of 1st period - Shea Theodore is hit by Anthony Duclair and loses puck.
14:21 of 1st period - Shot by Anthony Duclair.
14:21 of 1st period - Goal by Anthony Duclair - WASHINGTON Capitals : 2 - NEW YORK Islanders : 4.
14:21 of 1st period - Jordan Binnington enters game.
14:22 of 1st period - Jeff Skinner wins face-off versus Mikey Eyssimont in neutral zone.
14:42 of 1st period - Shot by Adam Henrique.
14:42 of 1st period - Stopped by Jordan Binnington with a rebound.
14:44 of 1st period - Shot by Jeff Skinner.
14:44 of 1st period - Stopped by Jordan Binnington without a rebound.
14:45 of 1st period - Aleksander Barkov wins face-off versus Josh Bailey in WASHINGTON Capitals zone.
14:45 of 1st period - Aleksander Barkov is hit by Patrik Laine.
14:48 of 1st period - Icing by Brandon Hagel.
14:49 of 1st period - Josh Bailey wins face-off versus Aleksander Barkov in WASHINGTON Capitals zone.
15:22 of 1st period - Shot by Patrik Laine.
15:22 of 1st period - Shot Misses the Net.
16:05 of 1st period - Off-side.
16:06 of 1st period - Vincent Trocheck wins face-off versus Mikey Eyssimont in neutral zone.
16:09 of 1st period - Shot by Riley Stillman.
16:09 of 1st period - Shot Blocked by Sean Walker.
16:11 of 1st period - Shot by Ilya Mikheyev.
16:11 of 1st period - Shot Blocked by Slater Koekkoek.
17:07 of 1st period - Jared McCann is hit by Adam Henrique and loses puck.
17:16 of 1st period - Shot by Frederick Gaudreau.
17:16 of 1st period - Shot Blocked by Adam Pelech.
17:18 of 1st period - Shot by Frederick Gaudreau.
17:18 of 1st period - Stopped by Alex Lyon with a rebound.
17:54 of 1st period - Shot by Aleksander Barkov.
17:54 of 1st period - Deflect By Nikita Kucherov.
17:54 of 1st period - Shot Misses the Net.
18:02 of 1st period - Shot by Nikita Kucherov.
18:02 of 1st period - Shot Misses the Net.
18:21 of 1st period - Icing by Shea Theodore.
18:22 of 1st period - Josh Bailey wins face-off versus Aleksander Barkov in WASHINGTON Capitals zone.
18:32 of 1st period - Icing by Haydn Fleury.
18:33 of 1st period - Aleksander Barkov wins face-off versus Vincent Trocheck in WASHINGTON Capitals zone.
18:33 of 1st period - Aleksander Barkov is hit by Vincent Trocheck.
18:36 of 1st period - Icing by Nikita Kucherov.
18:37 of 1st period - Aleksander Barkov wins face-off versus Josh Bailey in WASHINGTON Capitals zone.
18:58 of 1st period - Shot by Aleksander Barkov.
18:58 of 1st period - Stopped by Alex Lyon without a rebound.
18:59 of 1st period - Nicklas Backstrom wins face-off versus Andreas Johnsson in NEW YORK Islanders zone.
19:41 of 1st period - Icing by Nicklas Backstrom.
19:42 of 1st period - Nicklas Backstrom wins face-off versus Aleksander Barkov in NEW YORK Islanders zone.
19:46 of 1st period - Icing by Nikolai Knyzhov.
19:47 of 1st period - Nicklas Backstrom wins face-off versus Aleksander Barkov in NEW YORK Islanders zone.
Goals for this period are 2 for WASHINGTON Capitals vs 4 for NEW YORK Islanders.
Shots for this period are 13 for WASHINGTON Capitals vs 10 for NEW YORK Islanders.

2nd period


0:01 of 2nd period - Jeff Skinner wins face-off versus Aleksander Barkov in neutral zone.
0:23 of 2nd period - Marco Scandella is hit by Brandon Hagel and loses puck.
1:04 of 2nd period - Icing by Slater Koekkoek.
1:05 of 2nd period - Dryden Hunt wins face-off versus Josh Bailey in WASHINGTON Capitals zone.
1:56 of 2nd period - Icing by Slater Koekkoek.
1:57 of 2nd period - Vincent Trocheck wins face-off versus Dryden Hunt in WASHINGTON Capitals zone.
1:58 of 2nd period - Shot by Ilya Mikheyev.
1:58 of 2nd period - Goal by Ilya Mikheyev - WASHINGTON Capitals : 2 - NEW YORK Islanders : 5.
1:59 of 2nd period - Aleksander Barkov wins face-off versus Vincent Trocheck in neutral zone.
2:10 of 2nd period - Shot by Brendan Leipsic.
2:10 of 2nd period - Stopped by Jordan Binnington without a rebound.
2:11 of 2nd period - Jeff Skinner wins face-off versus Mikey Eyssimont in WASHINGTON Capitals zone.
2:12 of 2nd period - Shot by Adam Henrique.
2:12 of 2nd period - Stopped by Jordan Binnington without a rebound.
2:13 of 2nd period - Aleksander Barkov wins face-off versus Jeff Skinner in WASHINGTON Capitals zone.
2:24 of 2nd period - Shot by Brandon Hagel.
2:24 of 2nd period - Stopped by Alex Lyon with a rebound.
2:38 of 2nd period - Shot by Jeff Skinner.
2:38 of 2nd period - Stopped by Jordan Binnington without a rebound.
2:39 of 2nd period - Josh Bailey wins face-off versus Frederick Gaudreau in WASHINGTON Capitals zone.
3:10 of 2nd period - Shot by Jared McCann.
3:10 of 2nd period - Shot Misses the Net.
3:15 of 2nd period - Icing by Adam Pelech.
3:16 of 2nd period - Aleksander Barkov wins face-off versus Patrik Laine in NEW YORK Islanders zone.
4:15 of 2nd period - Icing by Kevin Shattenkirk.
4:16 of 2nd period - Joel Kiviranta wins face-off versus Kyle Palmieri in NEW YORK Islanders zone.
4:52 of 2nd period - Shot by Ilya Mikheyev.
4:52 of 2nd period - Shot Misses the Net.
5:06 of 2nd period - Shot by Brendan Leipsic.
5:06 of 2nd period - Stopped by Jordan Binnington without a rebound.
5:07 of 2nd period - Frederick Gaudreau wins face-off versus Josh Bailey in WASHINGTON Capitals zone.
5:07 of 2nd period - Andreas Johnsson is hit by Patrik Laine and loses puck.
5:37 of 2nd period - Jared McCann is hit by Adam Pelech and loses puck.
5:42 of 2nd period - Shot by Andreas Johnsson.
5:42 of 2nd period - Stopped by Alex Lyon with a rebound.
5:44 of 2nd period - Shot by Slater Koekkoek.
5:44 of 2nd period - Stopped by Alex Lyon without a rebound.
5:45 of 2nd period - Aleksander Barkov wins face-off versus Ilya Mikheyev in NEW YORK Islanders zone.
5:46 of 2nd period - Shot by Nikita Kucherov.
5:46 of 2nd period - Goal by Nikita Kucherov - WASHINGTON Capitals : 3 - NEW YORK Islanders : 5.
5:47 of 2nd period - Aleksander Barkov wins face-off versus Jeff Skinner in neutral zone.
5:50 of 2nd period - Kevin Shattenkirk is hit by Brandon Hagel.
5:57 of 2nd period - Icing by Kevin Shattenkirk.
5:58 of 2nd period - Mikey Eyssimont wins face-off versus Jeff Skinner in NEW YORK Islanders zone.
5:58 of 2nd period - Alex Killorn is hit by Marco Scandella and loses puck.
7:20 of 2nd period - Shot by Vincent Trocheck.
7:20 of 2nd period - Stopped by Jordan Binnington without a rebound.
7:21 of 2nd period - Aleksander Barkov wins face-off versus Josh Bailey in WASHINGTON Capitals zone.
7:46 of 2nd period - Shot by Aleksander Barkov.
7:46 of 2nd period - Shot Misses the Net.
7:48 of 2nd period - Shot by Nick Jensen.
7:48 of 2nd period - Goal by Nick Jensen - WASHINGTON Capitals : 4 - NEW YORK Islanders : 5.
7:49 of 2nd period - Frederick Gaudreau wins face-off versus Nicklas Backstrom in neutral zone.
8:01 of 2nd period - Andreas Johnsson is hit by Marco Scandella and loses puck.
8:20 of 2nd period - Shot by Nicklas Backstrom.
8:20 of 2nd period - Shot Misses the Net.
8:22 of 2nd period - Shot by Nicklas Backstrom.
8:22 of 2nd period - Stopped by Jordan Binnington with a rebound.
9:18 of 2nd period - Kyle Palmieri is hit by Sean Walker and loses puck.
9:32 of 2nd period - Icing by Slater Koekkoek.
9:33 of 2nd period - Frederick Gaudreau wins face-off versus Josh Bailey in WASHINGTON Capitals zone.
9:43 of 2nd period - Icing by Anthony Duclair.
9:44 of 2nd period - Anthony Duclair wins face-off versus Aleksander Barkov in NEW YORK Islanders zone.
9:44 of 2nd period - Anthony Duclair is hit by Brandon Hagel.
10:08 of 2nd period - Shot by Anthony Duclair.
10:08 of 2nd period - Stopped by Jordan Binnington with a rebound.
10:10 of 2nd period - Shot by Nikolai Knyzhov.
10:10 of 2nd period - Stopped by Jordan Binnington without a rebound.
10:11 of 2nd period - Dryden Hunt wins face-off versus Vincent Trocheck in WASHINGTON Capitals zone.
10:38 of 2nd period - Shot by Ilya Mikheyev.
10:38 of 2nd period - Stopped by Jordan Binnington with a rebound.
10:40 of 2nd period - Shot by Marco Scandella.
10:40 of 2nd period - Stopped by Jordan Binnington without a rebound.
10:41 of 2nd period - Brandon Hagel wins face-off versus Jeff Skinner in WASHINGTON Capitals zone.
11:26 of 2nd period - Brandon Hagel is hit by Kyle Palmieri and loses puck.
12:04 of 2nd period - Shot by Josh Bailey.
12:04 of 2nd period - Stopped by Jordan Binnington without a rebound.
12:05 of 2nd period - Vincent Trocheck wins face-off versus Dryden Hunt in WASHINGTON Capitals zone.
12:16 of 2nd period - Shot by Brendan Leipsic.
12:16 of 2nd period - Shot Misses the Net.
12:56 of 2nd period - Minor Penalty to Nikolai Knyzhov for Boarding.
12:57 of 2nd period - Aleksander Barkov wins face-off versus Kyle Palmieri in NEW YORK Islanders zone.
12:58 of 2nd period - Shot by Joel Hanley.
12:58 of 2nd period - Shot Misses the Net.
13:51 of 2nd period - Shot by Denis Gurianov.
13:51 of 2nd period - Stopped by Alex Lyon without a rebound.
13:52 of 2nd period - Frederick Gaudreau wins face-off versus Kyle Palmieri in NEW YORK Islanders zone.
13:55 of 2nd period - Shot by Denis Gurianov.
13:55 of 2nd period - Shot Misses the Net.
15:11 of 2nd period - Shot by Alex Killorn.
15:11 of 2nd period - Deflect By Mikey Eyssimont.
15:11 of 2nd period - Goal by Mikey Eyssimont - WASHINGTON Capitals : 5 - NEW YORK Islanders : 5.
15:12 of 2nd period - Mikey Eyssimont wins face-off versus Nicklas Backstrom in neutral zone.
15:39 of 2nd period - Shot by Joel Kiviranta.
15:39 of 2nd period - Stopped by Alex Lyon without a rebound.
15:40 of 2nd period - Jeff Skinner wins face-off versus Aleksander Barkov in NEW YORK Islanders zone.
15:58 of 2nd period - Shot by Jeff Skinner.
15:58 of 2nd period - Stopped by Jordan Binnington without a rebound.
15:59 of 2nd period - Josh Bailey wins face-off versus Frederick Gaudreau in WASHINGTON Capitals zone.
16:22 of 2nd period - Shot by Shea Theodore.
16:22 of 2nd period - Goal by Shea Theodore - WASHINGTON Capitals : 6 - NEW YORK Islanders : 5.
16:23 of 2nd period - Aleksander Barkov wins face-off versus Jeff Skinner in neutral zone.
16:28 of 2nd period - Shot by Nikita Kucherov.
16:28 of 2nd period - Goal by Nikita Kucherov - WASHINGTON Capitals : 7 - NEW YORK Islanders : 5.
16:28 of 2nd period - Logan Thompson enters game.
16:29 of 2nd period - Kyle Palmieri wins face-off versus Aleksander Barkov in neutral zone.
16:48 of 2nd period - Shot by Aleksander Barkov.
16:48 of 2nd period - Shot Blocked by Kevin Shattenkirk.
17:13 of 2nd period - Shot by Nikita Kucherov.
17:13 of 2nd period - Stopped by Logan Thompson with a rebound.
17:23 of 2nd period - Shea Theodore is hit by Kyle Palmieri and loses puck.
17:50 of 2nd period - Shot by Josh Bailey.
17:50 of 2nd period - Shot Blocked by Shea Theodore.
18:02 of 2nd period - Shot by Josh Bailey.
18:02 of 2nd period - Shot Blocked by Andreas Johnsson.
18:06 of 2nd period - Shot by Anthony Duclair.
18:06 of 2nd period - Shot Misses the Net.
18:22 of 2nd period - Shot by Ilya Mikheyev.
18:22 of 2nd period - Stopped by Jordan Binnington without a rebound.
18:22 of 2nd period - Minor Penalty to Haydn Fleury for Interference.
18:23 of 2nd period - Aleksander Barkov wins face-off versus Jeff Skinner in WASHINGTON Capitals zone.
18:42 of 2nd period - Shot by Kevin Shattenkirk.
18:42 of 2nd period - Goal by Kevin Shattenkirk - WASHINGTON Capitals : 7 - NEW YORK Islanders : 6.
18:43 of 2nd period - Ilya Mikheyev wins face-off versus Mikey Eyssimont in neutral zone.
18:50 of 2nd period - Shot by Nikolai Knyzhov.
18:50 of 2nd period - Stopped by Jordan Binnington without a rebound.
18:51 of 2nd period - Mikey Eyssimont wins face-off versus Vincent Trocheck in WASHINGTON Capitals zone.
19:20 of 2nd period - Minor Penalty to Joel Kiviranta for Tripping.
19:21 of 2nd period - Frederick Gaudreau wins face-off versus Jeff Skinner in WASHINGTON Capitals zone.
19:30 of 2nd period - Shot by Kevin Shattenkirk.
19:30 of 2nd period - Shot Blocked by Nick Jensen.
19:32 of 2nd period - Shot by Kevin Shattenkirk.
19:32 of 2nd period - Shot Misses the Net.
19:34 of 2nd period - Shot by Jeff Skinner.
19:34 of 2nd period - Shot Blocked by Joel Hanley.
19:36 of 2nd period - Shot by Kyle Palmieri.
19:36 of 2nd period - Stopped by Jordan Binnington without a rebound.
19:37 of 2nd period - Frederick Gaudreau wins face-off versus Josh Bailey in WASHINGTON Capitals zone.
19:57 of 2nd period - Shot by Anthony Duclair.
19:57 of 2nd period - Stopped by Jordan Binnington without a rebound.
19:58 of 2nd period - Jeff Skinner wins face-off versus Frederick Gaudreau in WASHINGTON Capitals zone.
Goals for this period are 5 for WASHINGTON Capitals vs 2 for NEW YORK Islanders.
Shots for this period are 11 for WASHINGTON Capitals vs 18 for NEW YORK Islanders.

3rd period


0:01 of 3rd period - Frederick Gaudreau wins face-off versus Jeff Skinner in neutral zone.
0:22 of 3rd period - Shot by Jeff Skinner.
0:22 of 3rd period - Shot Misses the Net.
0:41 of 3rd period - Icing by Jeff Skinner.
0:42 of 3rd period - Frederick Gaudreau wins face-off versus Jeff Skinner in NEW YORK Islanders zone.
1:48 of 3rd period - Shot by Alex Killorn.
1:48 of 3rd period - Stopped by Logan Thompson without a rebound.
1:49 of 3rd period - Dryden Hunt wins face-off versus Josh Bailey in NEW YORK Islanders zone.
1:49 of 3rd period - Dryden Hunt is hit by Adam Pelech.
2:27 of 3rd period - Haydn Fleury is hit by Patrik Laine and loses puck.
2:33 of 3rd period - Anthony Duclair is hit by Haydn Fleury and loses puck.
2:59 of 3rd period - Dryden Hunt is hit by Kyle Palmieri and loses puck.
3:13 of 3rd period - Icing by Shea Theodore.
3:14 of 3rd period - Dryden Hunt wins face-off versus Ilya Mikheyev in WASHINGTON Capitals zone.
3:31 of 3rd period - Shot by Vincent Trocheck.
3:31 of 3rd period - Shot Misses the Net.
3:33 of 3rd period - Shot by Ilya Mikheyev.
3:33 of 3rd period - Shot Blocked by Nick Jensen.
3:35 of 3rd period - Shot by Brendan Leipsic.
3:35 of 3rd period - Stopped by Jordan Binnington with a rebound.
3:47 of 3rd period - Shot by Ilya Mikheyev.
3:47 of 3rd period - Stopped by Jordan Binnington without a rebound.
3:48 of 3rd period - Frederick Gaudreau wins face-off versus Jeff Skinner in WASHINGTON Capitals zone.
3:48 of 3rd period - Andreas Johnsson is hit by Adam Henrique and loses puck.
3:56 of 3rd period - Slater Koekkoek is hit by Marco Scandella and loses puck.
4:27 of 3rd period - Shot by Frederick Gaudreau.
4:27 of 3rd period - Shot Misses the Net.
4:48 of 3rd period - Icing by Calle Rosen.
4:49 of 3rd period - Josh Bailey wins face-off versus Aleksander Barkov in NEW YORK Islanders zone.
4:54 of 3rd period - Aleksander Barkov is hit by Anthony Duclair and loses puck.
5:11 of 3rd period - Shot by Josh Bailey.
5:11 of 3rd period - Stopped by Jordan Binnington without a rebound.
5:12 of 3rd period - Mikey Eyssimont wins face-off versus Vincent Trocheck in WASHINGTON Capitals zone.
5:12 of 3rd period - Mikey Eyssimont is hit by Vincent Trocheck.
6:14 of 3rd period - Adam Henrique is hit by Haydn Fleury and loses puck.
6:19 of 3rd period - Shot by Kyle Palmieri.
6:19 of 3rd period - Shot Misses the Net.
6:21 of 3rd period - Shot by Kevin Shattenkirk.
6:21 of 3rd period - Shot Misses the Net.
6:29 of 3rd period - Shot by Kyle Palmieri.
6:29 of 3rd period - Stopped by Jordan Binnington without a rebound.
6:30 of 3rd period - Aleksander Barkov wins face-off versus Josh Bailey in WASHINGTON Capitals zone.
6:30 of 3rd period - Aleksander Barkov is hit by Patrik Laine.
6:36 of 3rd period - Anthony Duclair is hit by Brandon Hagel and loses puck.
6:44 of 3rd period - Calle Rosen is hit by Joel Hanley and loses puck.
7:37 of 3rd period - Marco Scandella is hit by Frederick Gaudreau and loses puck.
7:52 of 3rd period - Shot by Frederick Gaudreau.
7:52 of 3rd period - Stopped by Logan Thompson without a rebound.
7:53 of 3rd period - Dryden Hunt wins face-off versus Vincent Trocheck in NEW YORK Islanders zone.
8:02 of 3rd period - Shot by Vincent Trocheck.
8:02 of 3rd period - Shot Misses the Net.
8:04 of 3rd period - Shot by Vincent Trocheck.
8:04 of 3rd period - Deflect By Ilya Mikheyev.
8:04 of 3rd period - Shot Misses the Net.
8:06 of 3rd period - Shot by Ilya Mikheyev.
8:06 of 3rd period - Stopped by Jordan Binnington without a rebound.
8:07 of 3rd period - Nicklas Backstrom wins face-off versus Frederick Gaudreau in WASHINGTON Capitals zone.
8:07 of 3rd period - Alexander Radulov is hit by Haydn Fleury and loses puck.
8:34 of 3rd period - Andreas Johnsson is hit by Calle Rosen.
9:28 of 3rd period - Shot by Jeff Skinner.
9:28 of 3rd period - Shot Misses the Net.
9:29 of 3rd period - Minor Penalty to Sean Walker for Roughing.
9:30 of 3rd period - Jeff Skinner wins face-off versus Frederick Gaudreau in WASHINGTON Capitals zone.
9:31 of 3rd period - Shot by Kyle Palmieri.
9:31 of 3rd period - Stopped by Jordan Binnington with a rebound.
9:33 of 3rd period - Shot by Kevin Shattenkirk.
9:33 of 3rd period - Shot Misses the Net.
9:37 of 3rd period - Shot by Kyle Palmieri.
9:37 of 3rd period - Deflect By Adam Henrique.
9:37 of 3rd period - Shot Misses the Net.
9:39 of 3rd period - Shot by Adam Henrique.
9:39 of 3rd period - Shot Blocked by Joel Hanley.
9:41 of 3rd period - Shot by Kevin Shattenkirk.
9:41 of 3rd period - Shot Misses the Net.
9:45 of 3rd period - Shot by Kyle Palmieri.
9:45 of 3rd period - Stopped by Jordan Binnington without a rebound.
9:46 of 3rd period - Frederick Gaudreau wins face-off versus Josh Bailey in WASHINGTON Capitals zone.
10:09 of 3rd period - Shot by Anthony Duclair.
10:09 of 3rd period - Shot Hit the Post.
11:05 of 3rd period - Aleksander Barkov is hit by Kyle Palmieri and loses puck.
12:49 of 3rd period - Shot by Alex Killorn.
12:49 of 3rd period - Shot Blocked by Nicklas Backstrom.
12:51 of 3rd period - Shot by Joel Kiviranta.
12:51 of 3rd period - Deflect By Alex Killorn.
12:51 of 3rd period - Shot Blocked by Kevin Shattenkirk.
13:38 of 3rd period - Shot by Brandon Hagel.
13:38 of 3rd period - Stopped by Logan Thompson without a rebound.
13:39 of 3rd period - Josh Bailey wins face-off versus Frederick Gaudreau in NEW YORK Islanders zone.
14:02 of 3rd period - Shot by Josh Bailey.
14:02 of 3rd period - Shot Misses the Net.
14:08 of 3rd period - Shot by Anthony Duclair.
14:08 of 3rd period - Stopped by Jordan Binnington without a rebound.
14:09 of 3rd period - Aleksander Barkov wins face-off versus Jeff Skinner in WASHINGTON Capitals zone.
14:22 of 3rd period - Calle Rosen is hit by Aleksander Barkov and loses puck.
14:30 of 3rd period - Off-side.
14:31 of 3rd period - Mikey Eyssimont wins face-off versus Vincent Trocheck in neutral zone.
15:11 of 3rd period - Shot by Alex Killorn.
15:11 of 3rd period - Shot Misses the Net.
15:13 of 3rd period - Shot by Joel Kiviranta.
15:13 of 3rd period - Stopped by Logan Thompson with a rebound.
16:02 of 3rd period - Shot by Adam Henrique.
16:02 of 3rd period - Shot Hit the Post.
16:04 of 3rd period - Shot by Calle Rosen.
16:04 of 3rd period - Stopped by Jordan Binnington without a rebound.
16:05 of 3rd period - Josh Bailey wins face-off versus Frederick Gaudreau in WASHINGTON Capitals zone.
16:08 of 3rd period - Shot by Patrik Laine.
16:08 of 3rd period - Deflect By Anthony Duclair.
16:08 of 3rd period - Stopped by Jordan Binnington without a rebound.
16:09 of 3rd period - Josh Bailey wins face-off versus Frederick Gaudreau in WASHINGTON Capitals zone.
16:22 of 3rd period - Shot by Patrik Laine.
16:22 of 3rd period - Shot Blocked by Slater Koekkoek.
16:24 of 3rd period - Shot by Patrik Laine.
16:24 of 3rd period - Stopped by Jordan Binnington with a rebound.
16:28 of 3rd period - Shot by Josh Bailey.
16:28 of 3rd period - Shot Misses the Net.
16:30 of 3rd period - Shot by Anthony Duclair.
16:30 of 3rd period - Stopped by Jordan Binnington without a rebound.
16:31 of 3rd period - Jeff Skinner wins face-off versus Alex Killorn in WASHINGTON Capitals zone.
16:57 of 3rd period - Minor Penalty to Joel Hanley for High sticking.
16:58 of 3rd period - Frederick Gaudreau wins face-off versus Josh Bailey in WASHINGTON Capitals zone.
17:17 of 3rd period - Shot by Marco Scandella.
17:17 of 3rd period - Shot Blocked by Haydn Fleury.
17:33 of 3rd period - Shot by Josh Bailey.
17:33 of 3rd period - Shot Blocked by Haydn Fleury.
18:27 of 3rd period - Icing by Adam Pelech.
18:28 of 3rd period - Jeff Skinner wins face-off versus Aleksander Barkov in NEW YORK Islanders zone.
18:28 of 3rd period - Jeff Skinner is hit by Jared McCann.
19:05 of 3rd period - NEW YORK Islanders, Logan Thompson is pulled from the net.
19:22 of 3rd period - Nick Jensen is hit by Riley Stillman.
19:33 of 3rd period - Minor Penalty to Nikolai Knyzhov for Tripping.
19:34 of 3rd period - Logan Thompson from NEW YORK Islanders was sent back in the game.
19:34 of 3rd period - Kyle Palmieri wins face-off versus Aleksander Barkov in NEW YORK Islanders zone.
Goals for this period are 0 for WASHINGTON Capitals vs 0 for NEW YORK Islanders.
Shots for this period are 4 for WASHINGTON Capitals vs 12 for NEW YORK Islanders.